[Event "EYCC Open U10 2021"]
[Site "Tornelo"]
[Date "2021.10.15"]
[Round "2.9"]
[White "Oikonomopoulos, Filippos"]
[Black "Tatvidze, Davit"]
[Result "1-0"]
[ECO "D00"]
[WhiteElo "1650"]
[BlackElo "1341"]
[Annotator "NA"]
[PlyCount "111"]
[EventDate "2021.10.15"]
[EventType "swiss"]
[EventCountry "NET"]
[SourceTitle "playchess.com"]
[Source "ChessBase"]
[SourceQuality "1"]
[TimeControl "5400+30"]

1. d4 d5 2. Bf4 Nf6 3. e3 e6 4. Nd2 c5 5. c3 Qb6 6. Qb3 Nc6 7. Qxb6 axb6 8. Bb5 Kd8 9. Ngf3 Bd7 10. Nb3 Be7 11. dxc5 bxc5 12. Bxc6 Bxc6 13. Ne5 Be8 14. c4 Nd7 15. O-O-O Nxe5 16. Bxe5 f6 17. Bg3 Bc6 18. cxd5 exd5 19. Kb1 Kd7 20. Nd2 Ke6 21. Rc1 Bd6 22. Nb3 b6 23. Nd4+ Kd7 24. Nxc6 Kxc6 25. Bxd6 Kxd6 26. Rhd1 Rhd8 27. Rc3 Ra7 28. Rxd5+ Ke7 29. Rxd8 Kxd8 30. Rd3+ Ke7 31. a3 Rc7 32. Kc2 b5 33. Rb3 Rb7 34. Kc3 Kd6 35. a4 b4+ 36. Kc4 Kc6 37. Rd3 Ra7 38. b3 Re7 39. f3 f5 40. Rd5 Rxe3 41. Rxc5+ Kb6 42. Rxf5 Re2 43. Rg5 g6 44. Kxb4 Rd2 45. Rg4 Rd5 46. g3 Rd3 47. Rf4 Rd2 48. h4 Rg2 49. g4 Rh2 50. Rf6+ Kc7 51. Rf7+ Kd6 52. Rxh7 Rf2 53. Rh6 Rxf3 54. Rxg6+ Ke7 55. a5 Kd8 56. Rc6 1-0

[Event "EYCC Open U10 2021"]
[Site "Tornelo"]
[Date "2021.10.15"]
[Round "2.10"]
[White "Williams, Oscar"]
[Black "Feher, Botond"]
[Result "1-0"]
[ECO "B27"]
[WhiteElo "1405"]
[BlackElo "1644"]
[Annotator "NA"]
[PlyCount "107"]
[EventDate "2021.10.15"]
[EventType "swiss"]
[EventCountry "NET"]
[SourceTitle "playchess.com"]
[Source "ChessBase"]
[SourceQuality "1"]
[TimeControl "5400+30"]

1. e4 c5 2. Nf3 g6 3. d4 cxd4 4. Qxd4 Nf6 5. Nc3 Nc6 6. Qa4 d6 7. e5 dxe5 8. Nxe5 Bg7 9. Bb5 O-O 10. Nxc6 bxc6 11. Bxc6 Rb8 12. O-O Qc7 13. Re1 e5 14. Nd5 Nxd5 15. Bxd5 Rd8 16. Bb3 Bf5 17. Be3 Rd7 18. Qa6 Rbd8 19. Qe2 e4 20. c3 Be5 21. h3 Bf4 22. Rad1 Bxe3 23. Qxe3 Rd3 24. Rxd3 Rxd3 25. Qe2 Qd8 26. Rd1 h5 27. Bc2 Rxd1+ 28. Qxd1 Qg5 29. Kh1 h4 30. Bb3 Qf4 31. Qe1 Kg7 32. Qe3 Qxe3 33. fxe3 Kf6 34. Kg1 Be6 35. Bxe6 Kxe6 36. c4 Kd6 37. b4 f5 38. Kf2 g5 39. c5+ Kc6 40. g3 a5 41. gxh4 gxh4 42. a3 a4 43. Ke2 Kb5 44. Kd2 Kc6 45. Kc2 Kd5 46. Kc3 Kc6 47. Kd4 Kb5 48. Ke5 Kc4 49. c6 f4 50. Kxf4 Kc3 51. c7 Kb3 52. c8=Q Kxa3 53. Qc3+ Ka2 54. Kxe4 1-0

[Event "EYCC Open U10 2021"]
[Site "Tornelo"]
[Date "2021.10.15"]
[Round "2.11"]
[White "Katpatal, Akshaj"]
[Black "Golubovic, Erik"]
[Result "0-1"]
[ECO "C55"]
[WhiteElo "1642"]
[BlackElo "1323"]
[Annotator "NA"]
[PlyCount "32"]
[EventDate "2021.10.15"]
[EventType "swiss"]
[EventCountry "NET"]
[SourceTitle "playchess.com"]
[Source "ChessBase"]
[SourceQuality "1"]
[TimeControl "5400+30"]

1. e4 Nc6 2. Nf3 e5 3. Nc3 Nf6 4. Bc4 Nxe4 5. Nxe4 d5 6. Bd3 dxe4 7. Bxe4 Bd6 8. d4 exd4 9. h4 O-O 10. Bxh7+ Kxh7 11. Ng5+ Kg8 12. Qh5 Bf5 13. Qf3 Re8+ 14. Kd1 Qd7 15. Kd2 Bb4+ 16. c3 dxc3# 0-1

[Event "EYCC Open U10 2021"]
[Site "Tornelo"]
[Date "2021.10.15"]
[Round "2.12"]
[White "Demchenko, Maksim Dm"]
[Black "Wallinger, Nikolaus"]
[Result "1-0"]
[ECO "B43"]
[WhiteElo "1615"]
[BlackElo "1245"]
[Annotator "NA"]
[PlyCount "91"]
[EventDate "2021.10.15"]
[EventType "swiss"]
[EventCountry "NET"]
[SourceTitle "playchess.com"]
[Source "ChessBase"]
[SourceQuality "1"]
[TimeControl "5400+30"]

1. e4 c5 2. Nf3 e6 3. d4 cxd4 4. Nxd4 a6 5. Nc3 b5 6. a3 Bb7 7. Bd3 Bc5 8. Nb3 Bb6 9. O-O Ne7 10. Bf4 Ng6 11. Bd6 Bc7 12. Bxb5 axb5 13. Nxb5 Bb6 14. Bb4 Bc7 15. Ba5 Bxa5 16. Nd6+ Kf8 17. Nxb7 Qc7 18. N7xa5 Rxa5 19. Nxa5 Qxa5 20. Qd6+ Kg8 21. Qxb8+ Nf8 22. b4 Qg5 23. b5 h6 24. b6 Kh7 25. b7 Ng6 26. Qg3 Nf4 27. Qxg5 hxg5 28. Rfb1 Rb8 29. a4 Ne2+ 30. Kf1 Nc3 31. a5 Nxe4 32. a6 Nd2+ 33. Ke2 Nxb1 34. Rxb1 Kg6 35. a7 Rxb7 36. Rxb7 g4 37. a8=Q g3 38. hxg3 f5 39. Rxd7 f4 40. Qe4+ Kf6 41. Qxf4+ Kg6 42. Qg4+ Kf6 43. Qxg7+ Kf5 44. Ke3 e5 45. Re7 e4 46. g4# 1-0

[Event "EYCC Open U10 2021"]
[Site "Tornelo"]
[Date "2021.10.15"]
[Round "3.1"]
[White "Surikov, Alexey"]
[Black "Ahmad, Khagan"]
[Result "1-0"]
[ECO "E11"]
[WhiteElo "1548"]
[BlackElo "2009"]
[Annotator "NA"]
[PlyCount "69"]
[EventDate "2021.10.15"]
[EventType "swiss"]
[EventCountry "NET"]
[SourceTitle "playchess.com"]
[Source "ChessBase"]
[SourceQuality "1"]
[TimeControl "5400+30"]

1. d4 Nf6 2. Nf3 e6 3. c4 d5 4. g3 Bb4+ 5. Bd2 Be7 6. Bg2 O-O 7. O-O Nbd7 8. Qc2 c5 9. cxd5 Nxd5 10. e4 N5f6 11. Nc3 cxd4 12. Nxd4 Nb6 13. Nb3 e5 14. Bg5 Be6 15. Rfd1 Qc7 16. Rac1 Rac8 17. Qb1 Qb8 18. Bxf6 Bxf6 19. Nd5 Bg5 20. Rc5 Bg4 21. Rf1 Nxd5 22. exd5 Qd6 23. Rxc8 Rxc8 24. h3 Bh5 25. Qf5 Qd8 26. h4 Be2 27. Re1 Bxh4 28. gxh4 Bc4 29. Qxe5 h6 30. Qe7 Qb6 31. d6 Rd8 32. d7 Be6 33. Nc5 Qc7 34. Nxe6 fxe6 35. Qe8+ 1-0

[Event "EYCC Open U10 2021"]
[Site "Tornelo"]
[Date "2021.10.15"]
[Round "3.2"]
[White "Besou, Hussain"]
[Black "Cirkovic, Vuk"]
[Result "1-0"]
[ECO "B01"]
[WhiteElo "1995"]
[BlackElo "1474"]
[Annotator "NA"]
[PlyCount "83"]
[EventDate "2021.10.15"]
[EventType "swiss"]
[EventCountry "NET"]
[SourceTitle "playchess.com"]
[Source "ChessBase"]
[SourceQuality "1"]
[TimeControl "5400+30"]

1. e4 d5 2. exd5 Qxd5 3. Nc3 Qa5 4. d4 Nf6 5. Nf3 c6 6. Bd2 Qc7 7. Bc4 Bf5 8. Ne5 e6 9. g4 Be4 10. Nxe4 Nxe4 11. Be3 Bb4+ 12. c3 Nxc3 13. bxc3 Bxc3+ 14. Kf1 Bxa1 15. Qxa1 Nd7 16. Bf4 Qb6 17. Nxd7 Kxd7 18. Kg2 g5 19. Be5 Rhg8 20. Rb1 Qa5 21. Rxb7+ Ke8 22. Qb2 Qd8 23. Qc2 Rg6 24. Bd3 Rc8 25. Bxg6 hxg6 26. Qc5 Qd5+ 27. Qxd5 cxd5 28. Rxa7 Rc2 29. a4 Ra2 30. a5 f5 31. a6 Kd8 32. Ra8+ Kd7 33. a7 Ra6 34. Rh8 Kc6 35. a8=Q+ Rxa8 36. Rxa8 f4 37. Ra6+ Kd7 38. h4 gxh4 39. Bxf4 Ke7 40. Bg5+ Kf7 41. Bxh4 Kg7 42. Ra7+ 1-0

[Event "EYCC Open U10 2021"]
[Site "Tornelo"]
[Date "2021.10.15"]
[Round "3.3"]
[White "Gulenko, Zakhar"]
[Black "Negrean, Andrei"]
[Result "0-1"]
[ECO "B22"]
[WhiteElo "1524"]
[BlackElo "1847"]
[Annotator "NA"]
[PlyCount "110"]
[EventDate "2021.10.15"]
[EventType "swiss"]
[EventCountry "NET"]
[SourceTitle "playchess.com"]
[Source "ChessBase"]
[SourceQuality "1"]
[TimeControl "5400+30"]

1. e4 c5 2. c3 d5 3. exd5 Qxd5 4. d4 e6 5. Nf3 Nc6 6. Be3 cxd4 7. cxd4 Nf6 8. Nc3 Qd6 9. Be2 Be7 10. O-O O-O 11. a3 b6 12. b4 Bb7 13. Qb3 Rac8 14. Rac1 Rfd8 15. Rfd1 h6 16. Nb5 Qb8 17. Ne5 Nxe5 18. Bf4 Rxc1 19. Rxc1 Nf3+ 20. Qxf3 Bxf3 21. Bxb8 Bxe2 22. Bc7 Rd7 23. Nxa7 Nd5 24. Bb8 Bd6 25. Bxd6 Rxa7 26. Ra1 Nc3 27. Bf4 Nb5 28. a4 Nxd4 29. Be3 e5 30. f4 f6 31. Kf2 Bb5 32. a5 bxa5 33. Bxd4 exd4 34. bxa5 d3 35. Ke3 Kf7 36. f5 Ke7 37. g4 Kd6 38. Kd4 Rd7 39. a6 Kc6+ 40. Kc3 d2 41. Rd1 Bxa6 42. Rxd2 Rxd2 43. Kxd2 Kd5 44. Ke3 Ke5 45. Kf3 Bb7+ 46. Kg3 Ke4 47. Kh4 Bd5 48. Kh5 Bf7+ 49. Kh4 Kf4 50. Kh3 h5 51. gxh5 Bxh5 52. Kh4 Bg4 53. h3 Bxf5 54. Kh5 Bxh3 55. Kg6 f5 0-1

[Event "EYCC Open U10 2021"]
[Site "Tornelo"]
[Date "2021.10.15"]
[Round "3.4"]
[White "Fester, Harel"]
[Black "Petukhov, Dmitriy"]
[Result "0-1"]
[ECO "B23"]
[WhiteElo "1480"]
[BlackElo "1769"]
[Annotator "NA"]
[PlyCount "126"]
[EventDate "2021.10.15"]
[EventType "swiss"]
[EventCountry "NET"]
[SourceTitle "playchess.com"]
[Source "ChessBase"]
[SourceQuality "1"]
[TimeControl "5400+30"]

1. e4 c5 2. Nc3 Nc6 3. Bb5 Nd4 4. Nf3 Nxb5 5. Nxb5 d6 6. Nc3 g6 7. d4 cxd4 8. Nxd4 Nf6 9. f4 Bg7 10. O-O O-O 11. h3 a6 12. Be3 Bd7 13. Qe1 Qc7 14. Qh4 Bc6 15. f5 d5 16. Nxc6 bxc6 17. exd5 cxd5 18. Rad1 Rad8 19. Qf2 Qb7 20. Bb6 Rd7 21. Bd4 Rfd8 22. Na4 Ne4 23. Qe3 e5 24. fxe6 fxe6 25. Bb6 Rc8 26. Qb3 Qc6 27. Rfe1 Rf7 28. c3 Be5 29. Bd4 Bxd4+ 30. cxd4 Qc2 31. Qxc2 Rxc2 32. Rc1 Rff2 33. Rxc2 Rxc2 34. Nc5 Nxc5 35. dxc5 Kf7 36. b4 Ke7 37. a4 Rc4 38. Rb1 d4 39. Kf2 e5 40. Kf3 Ke6 41. b5 Rc3+ 42. Ke2 Rxc5 43. b6 Rc8 44. a5 Kd5 45. Kd2 e4 46. Rb3 Rf8 47. b7 Rb8 48. Rb6 Ke5 49. g3 g5 50. Rxa6 Rxb7 51. Ra8 e3+ 52. Ke2 Rb2+ 53. Kd3 Rd2+ 54. Kc4 Kd6 55. Ra6+ Kc7 56. Re6 e2 57. a6 d3 58. Re7+ Kb8 59. Kb5 Rb2+ 60. Kc6 Rb1 61. Re8+ Ka7 62. Re7+ Kxa6 63. Re8 Rc1+ 0-1

[Event "EYCC Open U10 2021"]
[Site "Tornelo"]
[Date "2021.10.15"]
[Round "3.5"]
[White "Ivanov, Andrey A."]
[Black "Nemitz, Alfred"]
[Result "1-0"]
[ECO "C30"]
[WhiteElo "2180"]
[BlackElo "1450"]
[Annotator "NA"]
[PlyCount "59"]
[EventDate "2021.10.15"]
[EventType "swiss"]
[EventCountry "NET"]
[SourceTitle "playchess.com"]
[Source "ChessBase"]
[SourceQuality "1"]
[TimeControl "5400+30"]

1. e4 e5 2. Nc3 Nf6 3. f4 d6 4. Nf3 Nbd7 5. Bc4 Be7 6. O-O O-O 7. d3 c6 8. a4 b6 9. h3 Bb7 10. fxe5 Nxe5 11. Nxe5 dxe5 12. Be3 Qd6 13. Ne2 Bc8 14. Ng3 Re8 15. Nh5 Be6 16. Bxe6 Qxe6 17. Ng3 c5 18. Nf5 Bf8 19. Qf3 g6 20. Nh6+ Kg7 21. Bg5 Be7 22. Rf2 Rf8 23. Raf1 Nxe4 24. Qxe4 Bxg5 25. Rxf7+ Rxf7 26. Nxf7 Bf4 27. Qxa8 Qxf7 28. Qf3 Qe6 29. g3 Bg5 30. Qf8# 1-0

[Event "EYCC Open U10 2021"]
[Site "Tornelo"]
[Date "2021.10.15"]
[Round "3.6"]
[White "Diachek, Andriy"]
[Black "Williams, Oscar"]
[Result "0-1"]
[ECO "B50"]
[WhiteElo "1689"]
[BlackElo "1405"]
[Annotator "NA"]
[PlyCount "86"]
[EventDate "2021.10.15"]
[EventType "swiss"]
[EventCountry "NET"]
[SourceTitle "playchess.com"]
[Source "ChessBase"]
[SourceQuality "1"]
[TimeControl "5400+30"]

1. e4 c5 2. Nf3 d6 3. c3 Nf6 4. Be2 g6 5. O-O Bg7 6. Bb5+ Bd7 7. Bxd7+ Nbxd7 8. Re1 O-O 9. d4 Rc8 10. d5 c4 11. Nd4 Nc5 12. f3 Nd3 13. Re2 Nxc1 14. Qxc1 Qb6 15. Na3 Nd7 16. Nac2 Nc5 17. Rb1 e5 18. dxe6 fxe6 19. Ne3 Nd3 20. Qd2 Bxd4 21. cxd4 Qxd4 22. Qc3 Nf4 23. Rd2 Qc5 24. Kh1 b5 25. Qd4 Nd3 26. Qxc5 Rxc5 27. b3 d5 28. exd5 exd5 29. b4 Rcc8 30. Nxd5 Rce8 31. Nc3 a6 32. a4 Rf5 33. axb5 axb5 34. Re2 Rxe2 35. Nxe2 Kf7 36. Nc3 Ke6 37. g4 Rxf3 38. Nxb5 Kd5 39. Kg2 Rf6 40. Nc7+ Kd4 41. b5 c3 42. b6 c2 43. Nb5+ Kc5 0-1

[Event "EYCC Open U10 2021"]
[Site "Tornelo"]
[Date "2021.10.15"]
[Round "3.7"]
[White "Ekmekcioglu, Gokdeniz"]
[Black "Dumbelovic, Novak"]
[Result "1-0"]
[ECO "E68"]
[WhiteElo "1463"]
[BlackElo "1688"]
[Annotator "NA"]
[PlyCount "95"]
[EventDate "2021.10.15"]
[EventType "swiss"]
[EventCountry "NET"]
[SourceTitle "playchess.com"]
[Source "ChessBase"]
[SourceQuality "1"]
[TimeControl "5400+30"]

1. d4 Nf6 2. Nf3 g6 3. g3 Bg7 4. Bg2 O-O 5. O-O d6 6. c4 Nbd7 7. Nc3 e5 8. e4 Ne8 9. d5 f5 10. Ng5 Nc5 11. b4 h6 12. bxc5 hxg5 13. exf5 gxf5 14. cxd6 Nxd6 15. c5 Nf7 16. Ba3 Qf6 17. Nb5 Qd8 18. c6 Nd6 19. Nxd6 cxd6 20. Rc1 Qe7 21. Qb3 b6 22. Qb4 Rf6 23. c7 Bb7 24. Rc2 Qd7 25. Rfc1 Rc8 26. Bf1 Bf8 27. Bb5 Qh7 28. Qa4 Rh6 29. f3 a6 30. Bxa6 Ra8 31. c8=Q Bxc8 32. Rxc8 Rxc8 33. Rxc8 Rxh2 34. Rxf8+ Kxf8 35. Bxd6+ Kf7 36. Qd7+ Kf6 37. Qe6+ Kg7 38. Bxe5+ Kf8 39. Qf6+ Kg8 40. Qxg5+ Kf7 41. Qf6+ Kg8 42. Qd8+ Kf7 43. Qd7+ Kf8 44. Qxh7 Rxh7 45. d6 Ke8 46. Bb5+ Kd8 47. Bf6+ Kc8 48. d7+ 1-0

[Event "EYCC Open U10 2021"]
[Site "Tornelo"]
[Date "2021.10.15"]
[Round "3.8"]
[White "Harutyunyan, Arman G."]
[Black "Oikonomopoulos, Filippos"]
[Result "0-1"]
[ECO "C00"]
[WhiteElo "1395"]
[BlackElo "1650"]
[Annotator "NA"]
[PlyCount "72"]
[EventDate "2021.10.15"]
[EventType "swiss"]
[EventCountry "NET"]
[SourceTitle "playchess.com"]
[Source "ChessBase"]
[SourceQuality "1"]
[TimeControl "5400+30"]

1. e4 c5 2. f4 e6 3. Nf3 Nc6 4. g3 d5 5. e5 h5 6. h4 Nh6 7. d3 Nf5 8. Rg1 Qb6 9. c3 Be7 10. Bh3 Bd7 11. Qe2 Rc8 12. Kf2 Na5 13. Bxf5 exf5 14. Be3 Qa6 15. Nbd2 Bb5 16. Ne1 c4 17. dxc4 Bxc4 18. Nxc4 Nxc4 19. Bd4 Bc5 20. Nf3 Qb6 21. Rab1 O-O 22. Rge1 Rfe8 23. Kg2 Nd6 24. Qd3 Ne4 25. Re2 Qg6 26. Ng5 Bxd4 27. Qxd4 Qa6 28. Rbe1 Qxa2 29. Rd1 Nxc3 30. Rdd2 Nxe2 31. Rxe2 Qc4 32. Qd2 d4 33. Kh2 d3 34. Re3 Red8 35. e6 fxe6 36. Nxe6 Qc2 0-1

[Event "EYCC Open U10 2021"]
[Site "Tornelo"]
[Date "2021.10.15"]
[Round "3.9"]
[White "Golubovic, Erik"]
[Black "Demchenko, Maksim Dm"]
[Result "0-1"]
[ECO "C01"]
[WhiteElo "1323"]
[BlackElo "1615"]
[Annotator "NA"]
[PlyCount "42"]
[EventDate "2021.10.15"]
[EventType "swiss"]
[EventCountry "NET"]
[SourceTitle "playchess.com"]
[Source "ChessBase"]
[SourceQuality "1"]
[TimeControl "5400+30"]

1. e4 e6 2. d4 d5 3. exd5 exd5 4. Nf3 Nc6 5. Bb5 Bd6 6. O-O Nge7 7. c3 O-O 8. Re1 Bg4 9. h3 Bh5 10. Bg5 f6 11. Bh4 Qd7 12. Nbd2 a6 13. Ba4 Rae8 14. Bg3 Bxg3 15. fxg3 Qd6 16. g4 Bf7 17. Bc2 Ng6 18. g5 Nf4 19. gxf6 Qxf6 20. Nf1 Rxe1 21. Nxe1 Bh5 0-1

[Event "EYCC Open U10 2021"]
[Site "Tornelo"]
[Date "2021.10.15"]
[Round "3.10"]
[White "Yurasov, Matfey"]
[Black "Batalov, Prokhor"]
[Result "1-0"]
[ECO "E04"]
[WhiteElo "1588"]
[BlackElo "1391"]
[Annotator "NA"]
[PlyCount "109"]
[EventDate "2021.10.15"]
[EventType "swiss"]
[EventCountry "NET"]
[SourceTitle "playchess.com"]
[Source "ChessBase"]
[SourceQuality "1"]
[TimeControl "5400+30"]

1. d4 d5 2. c4 c6 3. Nc3 Nf6 4. Nf3 dxc4 5. g3 b5 6. Bg2 Bb7 7. Ne5 a6 8. O-O e6 9. a4 Nd5 10. Bxd5 exd5 11. e4 b4 12. Ne2 Be7 13. Nf4 O-O 14. exd5 cxd5 15. Qg4 Qc8 16. Qf3 Nd7 17. Ng4 Qc6 18. Ne3 Nf6 19. Nf5 Qd7 20. Ng2 Rfe8 21. Bg5 Ne4 22. Bxe7 Rxe7 23. Nxe7+ Qxe7 24. Qe3 Qg5 25. Nf4 Re8 26. Rfe1 Bc6 27. f3 Nd6 28. Qf2 Rc8 29. Re5 Qf6 30. Nxd5 Bxd5 31. Rxd5 Nb7 32. Re5 c3 33. bxc3 bxc3 34. Rc1 Qc6 35. a5 Qa4 36. Kg2 Nxa5 37. Qe3 c2 38. Rc5 Re8 39. Rxa5 Qd7 40. Re5 Rc8 41. Rc5 Re8 42. Qf2 h5 43. R1xc2 h4 44. g4 g6 45. Qxh4 Kg7 46. Rc6 Qxd4 47. Qf2 Qf4 48. R2c4 Qh6 49. Re4 Rd8 50. Qb2+ Kh7 51. Rd4 Re8 52. Rd7 Qf4 53. Rf6 Re2+ 54. Qxe2 Qxf6 55. Qe7 1-0

[Event "EYCC Open U10 2021"]
[Site "Tornelo"]
[Date "2021.10.15"]
[Round "3.11"]
[White "Karimli, Yusif"]
[Black "Daniel, Raja.N"]
[Result "1-0"]
[ECO "B13"]
[WhiteElo "1571"]
[BlackElo "1713"]
[Annotator "NA"]
[PlyCount "75"]
[EventDate "2021.10.15"]
[EventType "swiss"]
[EventCountry "NET"]
[SourceTitle "playchess.com"]
[Source "ChessBase"]
[SourceQuality "1"]
[TimeControl "5400+30"]

1. d4 d5 2. Bf4 Bf5 3. e3 c5 4. c3 Nc6 5. Nf3 cxd4 6. exd4 Nf6 7. Nbd2 h6 8. Be2 e6 9. O-O Bd6 10. Bxd6 Qxd6 11. Qb3 O-O 12. Rfe1 b6 13. Rac1 Qd7 14. Qa4 Rfc8 15. Red1 a6 16. a3 b5 17. Qb3 Na5 18. Qa2 Nc4 19. b3 Nxd2 20. Qxd2 Ne4 21. Qe3 f6 22. c4 bxc4 23. bxc4 dxc4 24. Bxc4 Nd6 25. Ba2 Kh8 26. h3 Rxc1 27. Rxc1 Rc8 28. Nh4 Rxc1+ 29. Qxc1 Be4 30. Qf4 Qe7 31. Qxe4 Nxe4 32. Ng6+ Kg8 33. Nxe7+ Kf7 34. Nc6 Nc3 35. Bc4 Nb1 36. a4 a5 37. Nxa5 Nc3 38. Bb5 1-0

[Event "EYCC Open U10 2021"]
[Site "Tornelo"]
[Date "2021.10.15"]
[Round "3.12"]
[White "Karpenko, Anton"]
[Black "Bara, Jan"]
[Result "1-0"]
[ECO "E65"]
[WhiteElo "1634"]
[BlackElo "1413"]
[Annotator "NA"]
[PlyCount "67"]
[EventDate "2021.10.15"]
[EventType "swiss"]
[EventCountry "NET"]
[SourceTitle "playchess.com"]
[Source "ChessBase"]
[SourceQuality "1"]
[TimeControl "5400+30"]

1. d4 Nf6 2. c4 g6 3. g3 Bg7 4. Bg2 O-O 5. Nc3 d6 6. Nf3 Nbd7 7. O-O c5 8. d5 Nb6 9. Qd3 a6 10. a4 Rb8 11. a5 Na8 12. e4 Nc7 13. Re1 Re8 14. e5 Bf5 15. Qf1 dxe5 16. Nxe5 e6 17. Bf4 Nh5 18. d6 Qxd6 19. Rad1 Qe7 20. Rd7 Qf6 21. Rxc7 Nxf4 22. gxf4 Qh4 23. Ne2 Bxe5 24. fxe5 Qxc4 25. Rc1 Qb5 26. R1xc5 Qxb2 27. Ng3 b5 28. axb6 Rxb6 29. Qc1 Qa2 30. Qg5 Rb5 31. Qf6 Rb1+ 32. Bf1 Rf8 33. Rxf7 Rxf1+ 34. Nxf1 1-0

[Event "EYCC Open U10 2021"]
[Site "Tornelo"]
[Date "2021.10.15"]
[Round "4.1"]
[White "Demchenko, Maksim Dm"]
[Black "Besou, Hussain"]
[Result "1-0"]
[ECO "B95"]
[WhiteElo "1615"]
[BlackElo "1995"]
[Annotator "ChessBase"]
[PlyCount "53"]
[EventDate "2021.10.15"]
[EventType "swiss"]
[EventCountry "NET"]
[SourceTitle "playchess.com"]
[Source "ChessBase"]
[SourceQuality "1"]
[TimeControl "5400+30"]

1. e4 c5 2. Nf3 d6 3. d4 cxd4 4. Nxd4 Nf6 5. Nc3 a6 6. Bg5 e6 7. Qd3 Be7 8. O-O-O h6 9. Bh4 Nbd7 10. f4 g5 11. fxg5 Ne5 12. Qd2 Nfg4 13. h3 hxg5 14. Bg3 Nf6 15. Be2 Nfd7 16. Kb1 b5 17. Rhf1 Bb7 18. a3 Rc8 19. Nf3 Nxf3 20. Bxf3 Ne5 21. Bxe5 dxe5 22. Qf2 Qc7 23. Bh5 O-O 24. Bxf7+ Kg7 25. Qf3 Bd8 26. Rxd8 Rcxd8 27. Qf6+ 1-0

[Event "EYCC Open U10 2021"]
[Site "Tornelo"]
[Date "2021.10.15"]
[Round "4.2"]
[White "Negrean, Andrei"]
[Black "Yurasov, Matfey"]
[Result "1-0"]
[ECO "B59"]
[WhiteElo "1847"]
[BlackElo "1588"]
[Annotator "NA"]
[PlyCount "135"]
[EventDate "2021.10.15"]
[EventType "swiss"]
[EventCountry "NET"]
[SourceTitle "playchess.com"]
[Source "ChessBase"]
[SourceQuality "1"]
[TimeControl "5400+30"]

1. e4 c5 2. Nf3 Nc6 3. d4 cxd4 4. Nxd4 Nf6 5. Nc3 d6 6. Be2 e5 7. Nb3 Be7 8. O-O h6 9. f4 O-O 10. Kh1 a5 11. a4 Nb4 12. Bf3 Be6 13. Qe2 Rc8 14. Rd1 Qc7 15. f5 Bc4 16. Qf2 b6 17. Be3 Rb8 18. g4 Nh7 19. Rac1 Bg5 20. Bxg5 Nxg5 21. Bg2 f6 22. Nd2 Ba6 23. Nf1 Bb7 24. Nb5 Qc5 25. Qxc5 dxc5 26. Nd6 Ba6 27. h4 Nf7 28. Nb5 Nc6 29. Ne3 Bxb5 30. axb5 Nd4 31. Bf1 Rfd8 32. Nd5 Kf8 33. c3 Nb3 34. Rb1 Nd6 35. Nc7 Rd7 36. Bc4 a4 37. Be6 Rxc7 38. Rxd6 c4 39. Rc6 Rbb7 40. Rd1 Rxc6 41. bxc6 Rc7 42. Bxc4 Rxc6 43. Bb5 Rc7 44. Bxa4 Nc5 45. Bc2 Ke7 46. Kg2 Ra7 47. Kf3 Ra2 48. Rb1 Kf8 49. g5 hxg5 50. hxg5 Kf7 51. g6+ Ke7 52. Ke3 Kf8 53. Kd2 Ke7 54. Rh1 Ra7 55. b4 Na6 56. Rh7 Kd6 57. Rh8 Rd7 58. Bb3 Nc7 59. Rg8 Ke7+ 60. Ke3 Ne8 61. Rxe8+ Kxe8 62. Ba4 Ke7 63. Bxd7 Kxd7 64. Kd3 Kc6 65. Kc4 b5+ 66. Kb3 Kb6 67. c4 Kc6 68. cxb5+ 1-0

[Event "EYCC Open U10 2021"]
[Site "Tornelo"]
[Date "2021.10.15"]
[Round "4.3"]
[White "Petukhov, Dmitriy"]
[Black "Karimli, Yusif"]
[Result "1-0"]
[ECO "D36"]
[WhiteElo "1769"]
[BlackElo "1571"]
[Annotator "NA"]
[PlyCount "149"]
[EventDate "2021.10.15"]
[EventType "swiss"]
[EventCountry "NET"]
[SourceTitle "playchess.com"]
[Source "ChessBase"]
[SourceQuality "1"]
[TimeControl "5400+30"]

1. c4 e6 2. d4 d5 3. cxd5 exd5 4. Nc3 Nf6 5. Nf3 Be7 6. Qc2 O-O 7. Bg5 h6 8. Bh4 c6 9. e3 Be6 10. Bd3 Nbd7 11. O-O Rc8 12. Ne2 c5 13. dxc5 Nxc5 14. Qd1 Nxd3 15. Qxd3 Ne4 16. Bxe7 Qxe7 17. Ned4 Rc5 18. Qa3 a6 19. Nb3 Rc7 20. Qxe7 Rxe7 21. Rac1 f5 22. Nfd4 f4 23. f3 Nd6 24. exf4 Bf5 25. Nxf5 Nxf5 26. g3 Re2 27. Rf2 Rfe8 28. Kf1 R2e7 29. Rd2 h5 30. Kf2 g6 31. h4 d4 32. Rcc2 Rd8 33. Rd3 Kf7 34. Rcd2 Rd6 35. g4 hxg4 36. fxg4 Nh6 37. Kf3 Re1 38. Rxd4 Rxd4 39. Rxd4 Rf1+ 40. Kg2 Rb1 41. Rd7+ Kf8 42. Rxb7 Rxb2+ 43. Kg3 Rxa2 44. Nd4 Kg8 45. Nf3 a5 46. Rb5 a4 47. Rg5 Kh7 48. h5 gxh5 49. Rxh5 Kg7 50. Ra5 Ra3 51. g5 Nf7 52. Kg4 Nd6 53. Ra7+ Kg8 54. Ra6 Nc4 55. Nd4 Ne3+ 56. Kh5 Nd5 57. f5 Nf4+ 58. Kg4 Nd5 59. f6 Ra1 60. Nf3 Rf1 61. Rxa4 Ne3+ 62. Kg3 Nf5+ 63. Kf4 Nh4 64. Ra3 Kf7 65. Kg4 Nxf3 66. Rxf3 Rg1+ 67. Kf5 Rg2 68. Rf4 Rg1 69. Rf2 Rg3 70. Rh2 Rf3+ 71. Kg4 Rf1 72. Rh7+ Kf8 73. Kh5 Kg8 74. Kg6 Rf2 75. Ra7 1-0

[Event "EYCC Open U10 2021"]
[Site "Tornelo"]
[Date "2021.10.15"]
[Round "4.4"]
[White "Williams, Oscar"]
[Black "Ivanov, Andrey A."]
[Result "1/2-1/2"]
[ECO "B27"]
[WhiteElo "1405"]
[BlackElo "2180"]
[Annotator "ChessBase"]
[PlyCount "106"]
[EventDate "2021.10.15"]
[EventType "swiss"]
[EventCountry "NET"]
[SourceTitle "playchess.com"]
[Source "ChessBase"]
[SourceQuality "1"]
[TimeControl "5400+30"]

1. e4 c5 2. Nf3 g6 3. d4 cxd4 4. Qxd4 Nf6 5. Nc3 Nc6 6. Qa4 d6 7. e5 dxe5 8. Nxe5 Bd7 9. Nxd7 Nxd7 10. Bb5 Bg7 11. Bd2 O-O 12. O-O-O Nb6 13. Qe4 Qc8 14. Ne2 f5 15. Qd3 e5 16. h4 a6 17. Qb3+ Kh8 18. Bxc6 Qxc6 19. h5 g5 20. Bxg5 h6 21. Be7 Rfc8 22. Rd6 Qc7 23. Rxb6 Qxe7 24. Rxb7 Qg5+ 25. Kb1 a5 26. Qg3 Qf6 27. Qg6 Qxg6 28. hxg6 Rc6 29. Rh3 f4 30. Rd3 Rxg6 31. g3 Rf8 32. a3 e4 33. Rd1 e3 34. fxe3 fxg3 35. Nxg3 Rxg3 36. Rd5 Rxe3 37. Rxa5 Rf2 38. Ra8+ Rf8 39. Raa7 Rg3 40. a4 Rf1+ 41. Ka2 Rgg1 42. a5 Ra1+ 43. Kb3 Rg5 44. a6 Bd4 45. Ra8+ Rg8 46. Rxg8+ Kxg8 47. Kc4 Be3 48. Kd3 Bf2 49. Ke2 Bg1 50. Rb3 Ba7 51. Ra3 Rxa3 52. bxa3 Kf7 53. Kf3 Ke6 1/2-1/2

[Event "EYCC Open U10 2021"]
[Site "Tornelo"]
[Date "2021.10.15"]
[Round "4.5"]
[White "Oikonomopoulos, Filippos"]
[Black "Surikov, Alexey"]
[Result "0-1"]
[ECO "A67"]
[WhiteElo "1650"]
[BlackElo "1548"]
[Annotator "NA"]
[PlyCount "86"]
[EventDate "2021.10.15"]
[EventType "swiss"]
[EventCountry "NET"]
[SourceTitle "playchess.com"]
[Source "ChessBase"]
[SourceQuality "1"]
[TimeControl "5400+30"]

1. d4 Nf6 2. c4 c5 3. d5 e6 4. Nc3 exd5 5. cxd5 d6 6. e4 g6 7. f4 Bg7 8. Bb5+ Nfd7 9. Bd3 O-O 10. Nf3 Re8 11. O-O a6 12. a4 Nf6 13. h3 c4 14. Bc2 Nbd7 15. Be3 b6 16. Qe2 Qc7 17. Nd2 Nc5 18. Qxc4 Qe7 19. Bxc5 bxc5 20. Nf3 Nh5 21. f5 Ng3 22. Rfe1 Qb7 23. fxg6 hxg6 24. Rab1 Qe7 25. Ne2 Nh5 26. b4 cxb4 27. Rxb4 a5 28. Rb6 Qa7 29. Qc6 Ba6 30. Ned4 Rec8 31. Qxd6 Rxc2 32. Nxc2 Bf8 33. Qc6 Rc8 34. Kh2 Rxc6 35. Rxc6 Bh6 36. Ncd4 Bf4+ 37. Kg1 Be5 38. Rd1 Be2 39. Nxe5 Bxd1 40. Rc8+ Kg7 41. Nec6 Qc5 42. Rc7 Bxa4 43. Kf2 Bxc6 0-1